 Dungeon Crawl Stone Soup version 0.28-a0-475-g7dc2aef8ca (webtiles) character file.

Game seed: 15154797548864899579

2150 deevanq the Protected (level 9, -3/79 HPs)
             Began as a Minotaur Berserker on Sept 16, 2021.
             Was a Priest of Trog.
             Slain by Joseph (12 damage)
             ... on level 7 of the Dungeon.
             The game lasted 00:27:25 (6901 turns).

deevanq the Protected (Minotaur Berserker)          Turns: 6901, Time: 00:27:25

Health: -3/79      AC: 13    Str: 24    XL:     9   Next: 10%
Magic:  0/8        EV: 10    Int:  4    God:    Trog [***...]
Gold:   273        SH:  0    Dex: 17    Spells: 8/8 levels left

rFire   . . .      SeeInvis .   C - +9 mace of Ekhlecw {holy, Fly}
rCold   . . .      Faith    .   (no shield)
rNeg    . . .      Spirit   +   t - +1 chain mail
rPois   .          Reflect  .   (helmet restricted)
rElec   .          Harm     .   E - +0 cloak
rCorr   .          Rampage  .   (no gloves)
Will    .....                   (no boots)
Stlth   ..........              u - amulet of guardian spirit
HPRegen 0.23/turn               p - +4 ring of slaying
MPRegen 0.11/turn               q - +6 ring of dexterity

@: about to teleport, on berserk cooldown, flying, slowed, very slow
A: horns 2, retaliatory headbutt
a: Renounce Religion, Berserk, Trog's Hand


You were on level 7 of the Dungeon.
You worshipped Trog.
Trog was most pleased with you.
You visited 1 branch of the dungeon, and saw 7 of its levels.

You collected 273 gold pieces.

Inventory:

Hand Weapons
 d - a +1 hunting sling of flaming
 C - the +9 mace of Ekhlecw (weapon) {holy, Fly}
   (You found it on level 6 of the Dungeon)

   It has been blessed by the Shining One to cause great damage to the undead
   and demons.
   Fly:       It grants you flight.
Missiles
 c - 4 datura-tipped darts
 e - 3 atropa-tipped darts (quivered)
 i - 178 stones
 m - 48 sling bullets
 n - 41 arrows
Armour
 t - a +1 chain mail (worn)
 E - a +0 cloak (worn)
Jewellery
 a - a ring of resist corrosion
 b - a ring of willpower
 p - a +4 ring of slaying (left hand)
 q - a +6 ring of dexterity (right hand)
 r - a ring of see invisible
 u - an amulet of guardian spirit (around neck)
 v - a +6 ring of dexterity
Wands
 w - a wand of mindburst (16)
 y - a wand of acid (19)
 A - a wand of digging (5)
Scrolls
 g - 3 scrolls of amnesia
 k - 3 scrolls of silence
 l - 2 scrolls of enchant weapon
 s - a scroll of summoning {unknown}
 x - a scroll of fog {unknown}
 z - 3 scrolls of teleportation
 B - a scroll of identify {unknown}
Potions
 h - 2 potions of heal wounds {unknown}
 j - 2 potions of mutation {unknown}
 o - a potion of curing {unknown}


   Skills:
 + Level 7.0 Fighting
 + Level 9.3 Maces & Flails
 + Level 9.4 Armour
 + Level 3.9 Dodging
 + Level 0.5 Stealth


You had 8 spell levels left.
You didn't know any spells.
Your spell library was empty.

Dungeon Overview and Level Annotations

Branches:
Dungeon (7/15)             Temple (0/1) D:4

Altars:
Gozag

Shops:
D:1 =   D:7 (

Annotations:
D:7 Joseph


Innate Abilities, Weirdness & Mutations

You have a pair of horns on your head.
You reflexively headbutt those who attack you in melee.


Message History

Joseph shoots a sling bullet.
The sling bullet barely misses you.
Joseph shoots a sling bullet.
The sling bullet hits you!!
Joseph shoots a sling bullet.
The sling bullet hits you but does no damage.
Joseph shoots a sling bullet.
The sling bullet hits you.
Joseph shoots a sling bullet.
The sling bullet hits you!
Joseph shoots a sling bullet.
The sling bullet hits you!
You hear the faint creaking of a portcullis nearby.
Joseph shoots a sling bullet.
The sling bullet hits you but does no damage.
Joseph shoots a sling bullet.
The sling bullet hits you!!
Joseph shouts, "I love to fight!
I love killing!"
Joseph shoots a sling bullet.
The sling bullet completely misses you.
Joseph shoots a sling bullet.
The sling bullet hits you.
Joseph shoots a sling bullet.
The sling bullet hits you.
* * * LOW HITPOINT WARNING * * *
Joseph shoots a sling bullet.
The sling bullet hits you!
* * * LOW HITPOINT WARNING * * *
There is an open door, spattered with blood here.
Items here: )))) ††.
A red film seems to cover your vision as you go berserk!
You feel yourself moving faster!
You feel mighty!
You feel a strong urge to attack something.
Joseph shoots a sling bullet.
The sling bullet hits you!
* * * LOW HITPOINT WARNING * * *
Things that are here:
a +0 short sword; a +0 scale mail; an orc corpse
Items here: )) [[ †.
You feel your anger nearly subside.
You are no longer berserk.
You are exhausted.
You feel yourself slow down.
Items here: )) [[ †.
Unknown command.
As you read the scroll of teleportation, it crumbles to dust.
You feel strangely unstable.
You hit Joseph. You headbutt Joseph!
Joseph is lightly wounded.
Joseph unwields a +2 hunting sling.
Joseph wields a +3 quarterstaff.
Joseph hits you with a +3 quarterstaff!
You die...

... #.##...# #.. #.#########
...##.##...###..##.##...####
..........).#...............
.....>.....#...............
...........#...............
#.......'...............
#.@...# #.##..##.##..##
#.....####'##'###.##..##
#..?..#@....'∩'.........
#.....#@)...#'#.........
#.....))....#...........
##....##...##..##.#####+
#######...##..##.#
#.........#.. #.........#...
#.........#...# #.........#


You could see Joseph.

Vanquished Creatures
  Pikel (D:5)
  Grinder (D:5)
  3 yaks (D:6)
  A water moccasin (D:5)
  An ice beast (D:5)
  A necrophage (D:6)
  A lemure (D:5)
  A kobold brigand (D:6)
  2 scorpions
  A water moccasin skeleton (D:6)
  Crazy Yiuf (D:6)
  A bullfrog skeleton (D:4)
  A hound (D:5)
  4 centaur skeletons
  Jessica (D:3)
  4 orc wizards
  A killer bee zombie (D:5)
  A howler monkey zombie (D:6)
  3 gnolls (D:6)
  5 adders
  A shadow imp (D:5)
  A white imp (D:4)
  3 ufetubi
  4 worms
  12 dart slugs
  9 orcs
  5 bats
  2 endoplasms
  2 giant cockroaches (D:1)
  7 goblins
  7 hobgoblins
  5 jackals (D:1)
  7 kobolds
  4 quokkas
  4 ball pythons
  A frilled lizard (D:3)
  7 rats
  2 bushes (D:1)
118 creatures vanquished.

Vanquished Creatures (others)
  5 toadstools (D:1)
5 creatures vanquished.

Grand Total: 123 creatures vanquished

Notes
Turn   | Place    | Note
-------+----------+-------------------------------------------
     0 | D:1      | deevanq the Minotaur Berserker began the quest for the Orb.
     0 | D:1      | Reached XP level 1. HP: 19/19 MP: 0/0
   705 | D:1      | Reached XP level 2. HP: 27/27 MP: 1/1
  1190 | D:1      | Found a faded altar of an unknown god.
  1313 | D:1      | Reached XP level 3. HP: 33/33 MP: 2/2
  1336 | D:1      | Found Bunge's Jewellery Shoppe.
  1983 | D:2      | Reached ** piety under Trog
  2455 | D:3      | Reached XP level 4. HP: 35/41 MP: 3/3
  2726 | D:3      | Noticed Jessica
  2732 | D:3      | Killed Jessica
  2999 | D:3      | Reached skill level 5 in Maces & Flails
  3147 | D:4      | Found a staircase to the Ecumenical Temple.
  3158 | D:4      | Reached XP level 5. HP: 47/47 MP: 4/4
  3242 | D:4      | Found an opulent altar of Gozag.
  3543 | D:4      | Reached XP level 6. HP: 53/53 MP: 5/5
  3585 | D:5      | Entered Level 5 of the Dungeon
  3615 | D:4      | Reached *** piety under Trog
  3779 | D:5      | Reached skill level 5 in Armour
  4013 | D:5      | Noticed an ice beast
  4023 | D:5      | Killed an ice beast
  4119 | D:5      | Reached skill level 5 in Fighting
  4386 | D:5      | Noticed Pikel
  4414 | D:5      | Killed Pikel
  4415 | D:5      | Reached XP level 7. HP: 62/62 MP: 4/6
  4545 | D:5      | Noticed Grinder
  4548 | D:5      | Reached XP level 8. HP: 70/70 MP: 7/7
  4554 | D:5      | Paralysed by Grinder for 5 turns
  4578 | D:5      | Paralysed by Grinder for 2 turns
  4588 | D:5      | Paralysed by Grinder for 3 turns
  4599 | D:5      | Killed Grinder
  5354 | D:6      | Found a runed translucent door.
  5355 | D:6      | Noticed Crazy Yiuf
  6374 | D:6      | Reached XP level 9. HP: 78/78 MP: 8/8
  6608 | D:6      | Killed Crazy Yiuf
  6613 | D:6      | Identified the +9 mace of Ekhlecw {holy, Fly}
  6790 | D:7      | Found Ibiyzo's Weapon Shoppe.
  6832 | D:7      | Noticed Joseph
  6901 | D:7      | Slain by Joseph

Illustrated notes

Levels and vault maps discovered:
D:1:      ldierk_walled_garden, layout_rooms, serial_shops, nicolae_shop_trees,
          hellmonk_ecumenical_altar_blasted, minmay_hedge_maze,
          minmay_tromino_mix6
D:2:      layout_loops_cross, lightli_corner_chamber
D:3:      layout_basic, uniq_jessica
D:4:      layout_basic, grunt_gozag_statues, minmay_temple_entry_arrows
D:5:      kennysheep_slugbush, layout_cave_pools, uniq_grinder, uniq_pikel
D:6:      layout_loops_corners, uniq_crazy_yiuf_cottage
D:7:      layout_gridville, serial_shops, nicolae_shop_behind_doors,
          enter_bailey_2, uniq_menkaure, uniq_joseph

Skill      XL: |  1  2  3  4  5  6  7  8  9 |
---------------+----------------------------+-----
Fighting       | 4 5 6 7 |  7.0
Maces & Flails | 4 5 7 9 |  9.3
Armour         | 3 4 6 7 9 |  9.4
Dodging        | 3 |  3.9
Stealth        | |  0.5

Action                   |  1- 3 |  4- 6 |  7- 9 || total
-------------------------+-------+-------+-------++-------
Melee: Mace              |   200 |    72 |    77 ||   349
       Headbutt          |    70 |    21 |    21 ||   112
Invok: Berserk           |     4 |     4 |     6 ||    14
       Trog's Hand       |       |     1 |       ||     1
  Use: Scroll            |       |       |     7 ||     7
Armor: Leather armour    |    19 |       |       ||    19
       Chain mail        |     4 |    67 |    38 ||   109
       Ring mail         |     3 |       |       ||     3
Dodge: Dodged            |    49 |    57 |    35 ||   141

Table legend: (Time is in decaauts)
 A = Elapsed time spent in this place.
 B = Non-inter-level travel time spent in this place.
 C = Inter-level travel time spent in this place.
 D = Time resting spent in this place.
 E = Time spent auto-exploring this place.
 F = Levels seen in this place.
 G = Mean time per level.
                   A        B        C        D        E       F      G
               +--------+--------+--------+--------+--------+-----+--------+
         Total |   7122 |   6958 |    164 |   1798 |   1869 |   7 | 1017.4 |
       Dungeon |   7122 |   6958 |    164 |   1798 |   1869 |   7 | 1017.4 |
               +--------+--------+--------+--------+--------+-----+--------+

Top non-repeatable levels by time:
     D:1: 1722 daAuts
     D:6: 1706 daAuts
     D:5: 1404 daAuts
     D:3: 759 daAuts
     D:2: 712 daAuts
     D:4: 652 daAuts
     D:7: 164 daAuts
